[Event "Groningen Festival 2018"]
[Site "Groningen"]
[Date "2018.12.22"]
[Round "1"]
[White "Beerdsen, Thomas"]
[Black "Elgersma, Onno"]
[Result "1/2-1/2"]
[ECO "B20"]
[WhiteElo "2477"]
[BlackElo "2192"]
[Annotator "RC"]
[PlyCount "82"]
[EventDate "2018.12.22"]
[EventType "swiss"]
[EventCountry "NED"]
[SourceTitle "playchess.com"]
[Source "ChessBase"]
[SourceQuality "1"]
[TimeControl "40/5400+30:1800+30"]

1. e4 e6 2. b3 d5 3. Bb2 c5 4. Nf3 dxe4 5. Ne5 Nd7 6. Bb5 Ngf6 7. Na3 Qc7 8. O-O a6 9. Bxd7+ Bxd7 10. Qe2 Bc6 11. Nac4 Bd5 12. a4 b6 13. Qe3 Rc8 14. Rae1 b5 15. axb5 axb5 16. Na3 Rb8 17. Qg5 h6 18. Qg3 h5 19. d3 h4 20. Qh3 exd3 21. Nxd3 c4 22. Ne5 c3 23. Bc1 Bd6 24. Nd3 Ne4 25. Re2 Bxa3 26. Bxa3 Ng5 27. Qe3 h3 28. f3 hxg2 29. Rxg2 Nh3+ 30. Kh1 Rh7 31. Bc5 g5 32. Nb4 Nf4 33. Rxg5 f6 34. Na6 Rxh2+ 35. Kxh2 Qh7+ 36. Kg1 fxg5 37. Nxb8 Qxc2 38. Rf2 Qb1+ 39. Rf1 Qc2 40. Rf2 Qb1+ 41. Rf1 Qc2 1/2-1/2

[Event "Groningen Festival 2018"]
[Site "Groningen"]
[Date "2018.12.23"]
[Round "2"]
[White "Kabos, Tobias"]
[Black "Warmerdam, Max"]
[Result "*"]
[ECO "A40"]
[WhiteElo "2299"]
[BlackElo "2433"]
[Annotator "RC"]
[PlyCount "82"]
[EventDate "2018.12.22"]
[EventType "swiss"]
[EventCountry "NED"]
[SourceTitle "playchess.com"]
[Source "ChessBase"]
[SourceQuality "1"]
[TimeControl "40/5400+30:1800+30"]

1. d4 e6 2. Bf4 c5 3. e3 Qb6 4. b3 Nf6 5. Nf3 Nc6 6. c3 Be7 7. Bd3 O-O 8. Nbd2 Nd5 9. Nc4 Qd8 10. dxc5 Bxc5 11. O-O h6 12. Bg3 Nxc3 13. Qc2 Nd5 14. a3 Be7 15. e4 Nf6 16. e5 Nh5 17. b4 b5 18. Nd6 Nxg3 19. hxg3 Nxe5 20. Nxe5 Bxd6 21. Qe2 Rb8 22. Bxb5 Qg5 23. f4 Qxg3 24. Rf3 Qh4 25. Bd3 Bc7 26. g3 Qh3 27. Qh2 Bb6+ 28. Kh1 Qxh2+ 29. Kxh2 Bb7 30. Rff1 Rfd8 31. Rac1 Kf8 32. a4 Bd5 33. Nc4 Bd4 34. b5 Ke7 35. Rfd1 Rdc8 36. Be2 Bf2 37. Ne5 Be3 38. Rxc8 Rxc8 39. Rd3 Rc1 40. Bf3 Bxf3 41. Nxf3 Bb6 *

[Event "Groningen Festival 2018"]
[Site "Groningen"]
[Date "2018.12.26"]
[Round "5"]
[White "Krasenkow, Michal"]
[Black "Kabos, Tobias"]
[Result "1-0"]
[ECO "D30"]
[WhiteElo "2630"]
[BlackElo "2299"]
[Annotator "RC"]
[PlyCount "87"]
[EventDate "2018.12.22"]
[EventType "swiss"]
[EventCountry "NED"]
[SourceTitle "playchess.com"]
[Source "ChessBase"]
[SourceQuality "1"]
[TimeControl "40/5400+30:1800+30"]

1. d4 Nf6 2. c4 e6 3. Nf3 d5 4. Qc2 Be7 5. Bg5 O-O 6. Nbd2 b6 7. cxd5 exd5 8. e3 Bb7 9. Bd3 h6 10. Bxf6 Bxf6 11. O-O Nd7 12. b4 c6 13. e4 dxe4 14. Bxe4 Rc8 15. Rab1 Qc7 16. Rfe1 Rfe8 17. Nc4 Nf8 18. Nce5 Ne6 19. Qc4 Kf8 20. Ng4 Ng5 21. Nxg5 hxg5 22. Re3 Qd6 23. Nxf6 gxf6 24. Qe2 Kg7 25. h4 Rh8 26. h5 Rc7 27. Bf3 Bc8 28. Rc1 Be6 29. b5 cxb5 30. Rxc7 Qxc7 31. d5 Bc8 32. g3 Qc4 33. Qd2 Bh3 34. Be2 Qc8 35. d6 Qf5 36. Re7 Rd8 37. Qd4 g4 38. h6+ Kf8 39. Bd3 Qf3 40. Be4 Qe2 41. Bg2 Rxd6 42. Qxd6 Qxe7 43. Qb8+ Qe8 44. Qxe8+ 1-0

[Event "Groningen Festival 2018"]
[Site "Groningen"]
[Date "2018.12.26"]
[Round "5"]
[White "Plat, Vojtech"]
[Black "Schoppen, Casper"]
[Result "1/2-1/2"]
[ECO "B22"]
[WhiteElo "2550"]
[BlackElo "2431"]
[Annotator "ChessBase"]
[PlyCount "109"]
[EventDate "2018.12.22"]
[EventType "swiss"]
[EventCountry "NED"]
[SourceTitle "playchess.com"]
[Source "ChessBase"]
[SourceQuality "1"]
[TimeControl "40/5400+30:1800+30"]

1. e4 c5 2. Nf3 Nc6 3. c3 e6 4. d4 d5 5. exd5 exd5 6. Bb5 Bd6 7. Be3 cxd4 8. Nxd4 Nge7 9. Nd2 O-O 10. N2f3 Qc7 11. Bd3 Nxd4 12. Nxd4 a6 13. Qf3 Rd8 14. h4 Nc6 15. Nxc6 bxc6 16. h5 Be5 17. O-O h6 18. Rae1 a5 19. Bc1 Bd6 20. Bc2 f5 21. Bd3 Qf7 22. Re2 Bd7 23. Rfe1 Re8 24. Bf4 Bf8 25. Be5 Bc5 26. Qg3 Bf8 27. Qh4 Be7 28. Qh2 Bc5 29. g4 fxg4 30. Bg6 Qf3 31. Bxe8 Rxe8 32. Qf4 Bf5 33. b4 axb4 34. cxb4 Ba7 35. Qxf3 gxf3 36. Re3 Be4 37. Bb2 Bxe3 38. fxe3 Rb8 39. a3 c5 40. Bc3 cxb4 41. axb4 Rc8 42. Rc1 Kf7 43. Kf2 g6 44. hxg6+ Kxg6 45. Bb2 Rc4 46. Ba3 Kf5 47. b5 Ke6 48. Kg3 Kd7 49. Bb2 Kc7 50. Rh1 Kb7 51. Rh2 h5 52. Bd4 Rc8 53. Ra2 Rg8+ 54. Kh4 Ra8 55. Rxa8 1/2-1/2

[Event "Groningen Festival 2018"]
[Site "Groningen"]
[Date "2018.12.26"]
[Round "5"]
[White "Pruijssers, Roeland"]
[Black "Ulybin, Mikhail"]
[Result "0-1"]
[ECO "C05"]
[WhiteElo "2520"]
[BlackElo "2482"]
[Annotator "ChessBase"]
[PlyCount "84"]
[EventDate "2018.12.22"]
[EventType "swiss"]
[EventCountry "NED"]
[SourceTitle "playchess.com"]
[Source "ChessBase"]
[SourceQuality "1"]
[TimeControl "40/5400+30:1800+30"]

1. e4 e6 2. d4 d5 3. Nd2 Nf6 4. e5 Nfd7 5. f4 c5 6. c3 Nc6 7. Ndf3 Qb6 8. g3 Be7 9. Kf2 a5 10. Kg2 cxd4 11. cxd4 a4 12. Nh3 Ndb8 13. Nf2 Bd7 14. Bd2 Na5 15. Bxa5 Rxa5 16. Bd3 Nc6 17. Bc2 Qxb2 18. Rb1 Qxa2 19. Qd2 b5 20. Rhc1 Ba3 21. Re1 Bb2 22. Nd3 a3 23. Nc5 Qc4 24. Bb3 Qc3 25. Qe2 Nxd4 26. Nxd4 Qxc5 27. Nf3 Qc3 28. Ba2 O-O 29. f5 exf5 30. Bxd5 Be6 31. Bxe6 fxe6 32. Red1 b4 33. Nd4 Rd5 34. Nf3 Rxd1 35. Rxd1 a2 36. Qa6 Qc2+ 37. Rd2 Qxd2+ 38. Nxd2 a1=Q 39. Qxe6+ Kh8 40. Nc4 Bd4 41. Nd6 Qg1+ 42. Kf3 Qf2# 0-1

[Event "Groningen Festival 2018"]
[Site "Groningen"]
[Date "2018.12.26"]
[Round "5"]
[White "Gleizerov, Evgeny"]
[Black "Kislinsky, Alexey"]
[Result "0-1"]
[ECO "A40"]
[WhiteElo "2504"]
[BlackElo "2425"]
[Annotator "ChessBase"]
[PlyCount "70"]
[EventDate "2018.12.22"]
[EventType "swiss"]
[EventCountry "NED"]
[SourceTitle "playchess.com"]
[Source "ChessBase"]
[SourceQuality "1"]
[TimeControl "40/5400+30:1800+30"]

1. d4 g6 2. c4 Bg7 3. Nf3 c5 4. d5 d6 5. Nc3 Bxc3+ 6. bxc3 f5 7. Bf4 Nf6 8. e3 Qa5 9. Qc2 Nbd7 10. Bd3 b5 11. Nd2 bxc4 12. Nxc4 Qc7 13. e4 fxe4 14. Bxe4 Ba6 15. Bd3 O-O 16. Ne3 Bxd3 17. Qxd3 c4 18. Qd4 Qc5 19. Rd1 Qxd4 20. Rxd4 Nc5 21. Rxc4 Nfe4 22. Bg3 Rab8 23. Nd1 Nd3+ 24. Ke2 Ndxf2 25. Nxf2 Rb2+ 26. Kd3 Nxf2+ 27. Bxf2 Rfxf2 28. Re4 Rfd2+ 29. Kc4 e5 30. a3 Rxg2 31. h4 h5 32. Rf1 Kg7 33. Rf3 Rb7 34. Kd3 Rb5 35. Ra4 a5 0-1

[Event "Groningen Festival 2018"]
[Site "Groningen"]
[Date "2018.12.26"]
[Round "5"]
[White "Ladva, Ottomar"]
[Black "Tiviakov, Sergei"]
[Result "1/2-1/2"]
[ECO "E06"]
[WhiteElo "2497"]
[BlackElo "2613"]
[Annotator "RC"]
[PlyCount "121"]
[EventDate "2018.12.22"]
[EventType "swiss"]
[EventCountry "NED"]
[SourceTitle "playchess.com"]
[Source "ChessBase"]
[SourceQuality "1"]
[TimeControl "40/5400+30:1800+30"]

1. d4 Nf6 2. Nf3 e6 3. g3 b6 4. Bg2 Bb7 5. O-O Be7 6. c4 c6 7. Nc3 d5 8. Ne5 Nfd7 9. cxd5 cxd5 10. Bf4 O-O 11. Nc4 Nf6 12. Rc1 Nc6 13. Ne5 Rc8 14. Qa4 a6 15. Nxc6 Rxc6 16. Nb1 b5 17. Qb3 Rc4 18. Qd3 Qb6 19. b3 Rcc8 20. Rxc8 Rxc8 21. Rc1 Rxc1+ 22. Bxc1 b4 23. e3 Qc6 24. Bb2 Ne4 25. Qd1 g6 26. Qc1 a5 27. Qxc6 Bxc6 28. f3 Nd6 29. a4 Nf5 30. Kf2 Bg5 31. f4 Bd8 32. g4 Nd6 33. Nd2 Bh4+ 34. Ke2 Bb7 35. Kd1 Bf2 36. Ke2 Bg1 37. h3 Ba6+ 38. Kf3 Bd3 39. Bc1 g5 40. fxg5 Bc2 41. Ke2 Ne4 42. Bxe4 dxe4 43. Nc4 Bxb3 44. Nxa5 Bxa4 45. h4 Bb5+ 46. Ke1 Bh2 47. Kf2 Bc7 48. Nb3 Bc4 49. Nc5 Bd5 50. Nd7 b3 51. Nf6+ Kh8 52. h5 h6 53. gxh6 Bd8 54. g5 Bxf6 55. gxf6 Kh7 56. Kg3 Kxh6 57. Kh4 Bc4 58. Ba3 Be2 59. Bf8+ Kh7 60. Ba3 Kh6 61. Bf8+ 1/2-1/2

[Event "Groningen Festival 2018"]
[Site "Groningen"]
[Date "2018.12.26"]
[Round "5"]
[White "Beerdsen, Thomas"]
[Black "Pel, Bonno"]
[Result "1/2-1/2"]
[ECO "B07"]
[WhiteElo "2477"]
[BlackElo "2279"]
[Annotator "ChessBase"]
[PlyCount "86"]
[EventDate "2018.12.22"]
[EventType "swiss"]
[EventCountry "NED"]
[SourceTitle "playchess.com"]
[Source "ChessBase"]
[SourceQuality "1"]
[TimeControl "40/5400+30:1800+30"]

1. e4 d6 2. d4 g6 3. Nc3 Bg7 4. Be3 a6 5. h4 Nf6 6. f3 h5 7. Qd2 b5 8. O-O-O c6 9. Kb1 Qc7 10. Bd3 Nbd7 11. Nh3 Bb7 12. Ng5 e5 13. Qf2 b4 14. Na4 O-O 15. dxe5 Nxe5 16. Nb6 Rab8 17. Bf4 c5 18. Nc4 Rbd8 19. Be2 Qe7 20. Nxe5 dxe5 21. Be3 Rd4 22. Bxd4 cxd4 23. g4 Rc8 24. Rdg1 hxg4 25. Bd3 g3 26. Rxg3 Nh5 27. Rg4 Rc6 28. Qf1 Bc8 29. Bc4 Bxg4 30. fxg4 Rf6 31. gxh5 Rxf1+ 32. Rxf1 Qc5 33. Bxf7+ Kh8 34. Bxg6 d3 35. cxd3 Qe3 36. Rc1 Qxd3+ 37. Ka1 Bf8 38. Bf5 Bc5 39. h6 Qd2 40. Rb1 Bd4 41. Nf7+ Kg8 42. h7+ Kxf7 43. h8=Q Bxb2+ 1/2-1/2

[Event "Groningen Festival 2018"]
[Site "Groningen"]
[Date "2018.12.26"]
[Round "5"]
[White "Vrolijk, Liam"]
[Black "Ernst, Sipke"]
[Result "1/2-1/2"]
[ECO "C03"]
[WhiteElo "2440"]
[BlackElo "2539"]
[Annotator "ChessBase"]
[PlyCount "30"]
[EventDate "2018.12.22"]
[EventType "swiss"]
[EventCountry "NED"]
[SourceTitle "playchess.com"]
[Source "ChessBase"]
[SourceQuality "1"]
[TimeControl "40/5400+30:1800+30"]

1. e4 e6 2. d4 d5 3. Nd2 Be7 4. Bd3 c5 5. dxc5 Nf6 6. Qe2 O-O 7. Ngf3 Nc6 8. O-O a5 9. a4 Nb4 10. Nb3 b6 11. e5 Nd7 12. c6 Nxc6 13. Bb5 Na7 14. Nbd4 Nc5 15. Nc6 Nxc6 1/2-1/2

[Event "Groningen Festival 2018"]
[Site "Groningen"]
[Date "2018.12.26"]
[Round "5"]
[White "Warmerdam, Max"]
[Black "Maatman, Nick"]
[Result "1/2-1/2"]
[ECO "C18"]
[WhiteElo "2433"]
[BlackElo "2363"]
[Annotator "NA"]
[PlyCount "54"]
[EventDate "2018.12.22"]
[EventType "swiss"]
[EventCountry "NED"]
[SourceTitle "playchess.com"]
[Source "ChessBase"]
[SourceQuality "1"]
[TimeControl "40/5400+30:1800+30"]

1. e4 e6 2. d4 d5 3. Nc3 Bb4 4. e5 Ne7 5. a3 Bxc3+ 6. bxc3 c5 7. Qg4 O-O 8. Bd3 f5 9. exf6 Rxf6 10. Bg5 Rf7 11. Nf3 Nbc6 12. Bxe7 Rxe7 13. Qh4 h6 14. O-O c4 15. Be2 Bd7 16. Rfe1 Rf7 17. Qxd8+ Rxd8 18. Bf1 Rdf8 19. Rab1 b6 20. Re2 g5 21. Ne1 Rf6 22. g3 Be8 23. f3 Bg6 24. Re3 Ne7 25. Re5 Nc6 26. Re3 Ne7 27. Re5 Nc6 1/2-1/2

[Event "Groningen Festival 2018"]
[Site "Groningen"]
[Date "2018.12.26"]
[Round "5"]
[White "Lahaye, Rick"]
[Black "Kokje, Joris"]
[Result "1-0"]
[ECO "B20"]
[WhiteElo "2404"]
[BlackElo "2244"]
[Annotator "NA"]
[PlyCount "121"]
[EventDate "2018.12.22"]
[EventType "swiss"]
[EventCountry "NED"]
[SourceTitle "playchess.com"]
[Source "ChessBase"]
[SourceQuality "1"]
[TimeControl "40/5400+30:1800+30"]

1. e4 c5 2. Ne2 d6 3. g3 g6 4. Bg2 Bg7 5. O-O Nc6 6. c3 a6 7. d4 cxd4 8. cxd4 Nf6 9. Nbc3 O-O 10. h3 Bd7 11. Be3 b5 12. Rc1 Rc8 13. b3 b4 14. Na4 Na7 15. e5 Ne8 16. d5 Rxc1 17. Qxc1 Nb5 18. e6 fxe6 19. dxe6 Bxe6 20. Nf4 Bf7 21. Nd5 Nc3 22. Naxc3 bxc3 23. Bh6 Bxh6 24. Qxh6 Nf6 25. Nxc3 d5 26. Rd1 Qd6 27. Qd2 Rd8 28. f4 e5 29. fxe5 Qxe5 30. Qd4 Qxd4+ 31. Rxd4 Rc8 32. Rd3 d4 33. Nd1 Rc2 34. a3 Rc1 35. b4 Nd5 36. Bxd5 Bxd5 37. Kf2 Rc2+ 38. Ke1 Bc4 39. Rd2 Rc1 40. Rxd4 Bb3 41. Ke2 Ra1 42. Nb2 Be6 43. a4 Ra2 44. Rd2 Bxh3 45. b5 axb5 46. axb5 Ra5 47. b6 Rb5 48. Na4 Bg2 49. Ke3 Bc6 50. Rb2 Rxb2 51. Nxb2 Kf7 52. Nc4 Kf6 53. Na5 Bh1 54. b7 Bxb7 55. Nxb7 h5 56. Kf4 g5+ 57. Ke4 Ke6 58. Nc5+ Kf6 59. Nd3 Ke6 60. Ne1 h4 61. g4 1-0

[Event "Groningen Festival 2018"]
[Site "Groningen"]
[Date "2018.12.26"]
[Round "5"]
[White "Kollen, Zyon"]
[Black "Schippers, Maurice"]
[Result "1/2-1/2"]
[ECO "B45"]
[WhiteElo "2363"]
[BlackElo "2270"]
[Annotator "NA"]
[PlyCount "110"]
[EventDate "2018.12.22"]
[EventType "swiss"]
[EventCountry "NED"]
[SourceTitle "playchess.com"]
[Source "ChessBase"]
[SourceQuality "1"]
[TimeControl "40/5400+30:1800+30"]

1. e4 c5 2. Nf3 e6 3. d4 cxd4 4. Nxd4 Nf6 5. Nc3 Nc6 6. Ndb5 Bc5 7. Bf4 O-O 8. Bc7 Qe7 9. Bd6 Bxd6 10. Nxd6 Rd8 11. Qd2 a6 12. f4 Ne8 13. Nxe8 d5 14. Nxg7 dxe4 15. Qe3 Kxg7 16. Nxe4 Qb4+ 17. Qc3+ Rd4 18. Bd3 e5 19. Ng3 Bg4 20. h3 exf4 21. hxg4 fxg3 22. O-O-O h6 23. Bf5 Qxc3 24. bxc3 Rxd1+ 25. Rxd1 Ne5 26. Re1 Kf6 27. Be4 Rb8 28. Re3 Kg5 29. Bd5 Nxg4 30. Rxg3 f5 31. Rd3 b5 32. c4 bxc4 33. Bxc4 Ne5 34. Bxa6 Nxd3+ 35. Bxd3 Kf4 36. a4 Rg8 37. Bf1 Ke3 38. a5 Kf2 39. Bd3 Ra8 40. Bxf5 Rxa5 41. Be4 h5 42. Kd2 h4 43. c4 Rg5 44. Kd3 Kg3 45. Kd4 Kf4 46. Bd5 Kf5 47. Bf3 Rg3 48. Be4+ Ke6 49. c5 Kd7 50. Bf5+ Kc6 51. Be4+ Kc7 52. Ke5 Rg5+ 53. Kd4 Rg3 54. Ke5 Rg5+ 55. Kd4 Rg3 1/2-1/2

[Event "Groningen Festival 2018"]
[Site "Groningen"]
[Date "2018.12.26"]
[Round "5"]
[White "Ashwath, R.."]
[Black "Van Meegen, Ruud"]
[Result "1/2-1/2"]
[ECO "E21"]
[WhiteElo "2314"]
[BlackElo "2230"]
[Annotator "NA"]
[PlyCount "21"]
[EventDate "2018.12.22"]
[EventType "swiss"]
[EventCountry "NED"]
[SourceTitle "playchess.com"]
[Source "ChessBase"]
[SourceQuality "1"]
[TimeControl "40/5400+30:1800+30"]

1. d4 Nf6 2. c4 e6 3. Nc3 Bb4 4. Nf3 O-O 5. Bg5 c5 6. Rc1 h6 7. Bh4 cxd4 8. Nxd4 d5 9. Bxf6 Qxf6 10. cxd5 exd5 11. e3 1/2-1/2

[Event "Groningen Festival 2018"]
[Site "Groningen"]
[Date "2018.12.26"]
[Round "5"]
[White "Hovsepyan, Vardan"]
[Black "Zwirs, Nico"]
[Result "1-0"]
[ECO "B86"]
[WhiteElo "2264"]
[BlackElo "2414"]
[Annotator "NA"]
[PlyCount "81"]
[EventDate "2018.12.22"]
[EventType "swiss"]
[EventCountry "NED"]
[SourceTitle "playchess.com"]
[Source "ChessBase"]
[SourceQuality "1"]
[TimeControl "40/5400+30:1800+30"]

1. e4 c5 2. Nf3 d6 3. d4 cxd4 4. Nxd4 Nf6 5. Nc3 a6 6. Bc4 e6 7. Bb3 Nbd7 8. O-O Nc5 9. Re1 Be7 10. Qf3 O-O 11. Bg5 Qc7 12. Qg3 Kh8 13. a4 h6 14. Qh3 Nxb3 15. Nxb3 e5 16. Qh4 Be6 17. Rad1 b5 18. axb5 axb5 19. Nxb5 Qxc2 20. Na1 Qc6 21. Nxd6 Kg8 22. Bxh6 gxh6 23. Qxh6 Rxa1 24. Qg5+ Kh8 25. Qh6+ Nh7 26. Nf5 Rg8 27. Rxa1 Bb4 28. Re3 Rg6 29. Qh5 Rg5 30. Qh3 Bc5 31. Rg3 Bxf2+ 32. Kxf2 Qb6+ 33. Kf1 Rxf5+ 34. exf5 Bc4+ 35. Rd3 Qd8 36. Kg1 Bxd3 37. Qe3 Qd5 38. Re1 e4 39. g4 Qe5 40. Qxd3 Ng5 41. Qd8+ 1-0

[Event "Groningen Festival 2018"]
[Site "Groningen"]
[Date "2018.12.26"]
[Round "5"]
[White "Baum, Bernd"]
[Black "Cerveny, Martin"]
[Result "1-0"]
[ECO "A49"]
[WhiteElo "2252"]
[BlackElo "2347"]
[Annotator "NA"]
[PlyCount "161"]
[EventDate "2018.12.22"]
[EventType "swiss"]
[EventCountry "NED"]
[SourceTitle "playchess.com"]
[Source "ChessBase"]
[SourceQuality "1"]
[TimeControl "40/5400+30:1800+30"]

1. Nf3 Nf6 2. g3 g6 3. d4 d6 4. Bg2 Bg7 5. O-O O-O 6. b3 a5 7. a4 c5 8. Bb2 Nc6 9. Nbd2 Bf5 10. dxc5 dxc5 11. Re1 Ne4 12. Bxg7 Kxg7 13. Nxe4 Bxe4 14. Nd2 Bxg2 15. Kxg2 Qc7 16. Nc4 Rad8 17. Qc1 f6 18. Rd1 h5 19. c3 Rxd1 20. Qxd1 Rd8 21. Qc2 Qd7 22. h4 Qd5+ 23. f3 f5 24. Ra2 Qe6 25. Qc1 Rd5 26. Rd2 Ne5 27. Rxd5 Qxd5 28. Nxe5 Qxe5 29. Kf2 Qd5 30. Qe3 Kf7 31. Qh6 Qd6 32. Qh7+ Ke8 33. Qg8+ Kd7 34. Qc4 b6 35. Qb5+ Kc7 36. Qd3 Qe6 37. Qe3 Qd6 38. Qd3 Qf6 39. Qe3 e5 40. Qd2 f4 41. Qd5 fxg3+ 42. Kxg3 g5 43. Qa8 gxh4+ 44. Kh3 Kd7 45. Qd5+ Ke8 46. Qg8+ Ke7 47. Qh7+ Kd6 48. Qb7 Qe6+ 49. Kxh4 Qxb3 50. Qb8+ Kd7 51. Qb7+ Kd8 52. Qb8+ Ke7 53. Qxe5+ Qe6 54. Qc7+ Ke8 55. Qb8+ Kf7 56. Kxh5 Qd5+ 57. Kg4 Qd7+ 58. Kg3 Qxa4 59. Qc7+ Ke8 60. Qxb6 c4 61. e4 Qa2 62. Qe6+ Kd8 63. Qd6+ Ke8 64. Qb8+ Ke7 65. e5 Qd2 66. Qc7+ Ke6 67. Qxc4+ Qd5 68. Qa6+ Kxe5 69. c4 Qc5 70. f4+ Ke4 71. Qe6+ Kd4 72. f5 Qe5+ 73. Kg4 a4 74. Qd7+ Ke4 75. Qc6+ Ke3 76. Qf3+ Kd4 77. f6 Qe6+ 78. Kg3 a3 79. f7 Kxc4 80. f8=Q a2 81. Q8f4+ {[%emt 0:00:24] Kd5 [%clk 0:00:00]} 1-0

[Event "Groningen Festival 2018"]
[Site "Groningen"]
[Date "2018.12.26"]
[Round "5"]
[White "Simet, Martin"]
[Black "Grooten, Herman"]
[Result "0-1"]
[ECO "A48"]
[WhiteElo "2229"]
[BlackElo "2374"]
[Annotator "NA"]
[PlyCount "64"]
[EventDate "2018.12.22"]
[EventType "swiss"]
[EventCountry "NED"]
[SourceTitle "playchess.com"]
[Source "ChessBase"]
[SourceQuality "1"]
[TimeControl "40/5400+30:1800+30"]

1. d4 Nf6 2. Bf4 d6 3. e3 Nbd7 4. Nf3 g6 5. h3 Bg7 6. c3 O-O 7. Be2 Qe8 8. Bh2 e5 9. O-O Qe7 10. a4 Re8 11. Re1 e4 12. Nfd2 h5 13. Bf1 Nf8 14. c4 Bf5 15. Qb3 a5 16. Nc3 c6 17. Qa3 Rad8 18. Rab1 g5 19. b4 axb4 20. Rxb4 Ng6 21. Reb1 Bc8 22. a5 g4 23. hxg4 Nxg4 24. Be2 Nxh2 25. Kxh2 c5 26. Rb5 cxd4 27. Ncxe4 f5 28. Ng3 Qh4+ 29. Kg1 dxe3 30. Ndf1 exf2+ 31. Kxf2 f4 32. Rxh5 fxg3+ 0-1

[Event "Groningen Festival 2018"]
[Site "Groningen"]
[Date "2018.12.27"]
[Round "6"]
[White "Tiviakov, Sergei"]
[Black "Kislinsky, Alexey"]
[Result "1-0"]
[ECO "B51"]
[WhiteElo "2613"]
[BlackElo "2425"]
[Annotator "RC"]
[PlyCount "73"]
[EventDate "2018.12.22"]
[EventType "swiss"]
[EventCountry "NED"]
[SourceTitle "playchess.com"]
[Source "ChessBase"]
[SourceQuality "1"]
[TimeControl "40/5400+30:1800+30"]

1. e4 c5 2. Nf3 d6 3. Bb5+ Nc6 4. O-O Bd7 5. Re1 Nf6 6. c3 a6 7. Ba4 b5 8. Bc2 Bg4 9. h3 Bxf3 10. Qxf3 g6 11. d3 Bg7 12. Be3 Nd7 13. a3 O-O 14. Nd2 Nb6 15. Qe2 a5 16. Nf3 a4 17. e5 Nd5 18. exd6 Qxd6 19. Ng5 f5 20. Rad1 Nxe3 21. fxe3 h6 22. Nf3 e5 23. e4 f4 24. d4 c4 25. dxe5 Qc5+ 26. Kh1 Ne7 27. Rd5 Nxd5 28. exd5 Qxd5 29. Be4 Qd8 30. Rd1 Qe8 31. Bxa8 Qxa8 32. Rd6 g5 33. e6 Re8 34. e7 Qc8 35. Qe4 Qc7 36. Qe6+ Kh7 37. Qg6+ 1-0

[Event "Groningen Festival 2018"]
[Site "Groningen"]
[Date "2018.12.27"]
[Round "6"]
[White "Ernst, Sipke"]
[Black "Ladva, Ottomar"]
[Result "1/2-1/2"]
[ECO "C42"]
[WhiteElo "2539"]
[BlackElo "2497"]
[Annotator "ChessBase"]
[PlyCount "75"]
[EventDate "2018.12.22"]
[EventType "swiss"]
[EventCountry "NED"]
[SourceTitle "playchess.com"]
[Source "ChessBase"]
[SourceQuality "1"]
[TimeControl "40/5400+30:1800+30"]

1. e4 e5 2. Nf3 Nf6 3. Nxe5 d6 4. Nf3 Nxe4 5. Bd3 Nf6 6. h3 Be7 7. c3 O-O 8. Bc2 d5 9. O-O Re8 10. d4 Bd6 11. Nbd2 Nbd7 12. Re1 c6 13. Re2 h6 14. Qe1 Rxe2 15. Qxe2 Qe7 16. Qxe7 Bxe7 17. Nf1 Bd6 18. Ne3 g6 19. c4 Kg7 20. Bd2 dxc4 21. Nxc4 Bc7 22. Re1 Nd5 23. g4 N7f6 24. Nfe5 g5 25. b4 Be6 26. Na5 Rb8 27. a3 Bb6 28. Nb3 Nc7 29. Nc5 Nb5 30. Nxe6+ fxe6 31. Nf3 Re8 32. Bb3 Nd5 33. Bc1 Rf8 34. Kg2 Nf4+ 35. Bxf4 Rxf4 36. Bxe6 Nxd4 37. Nxd4 Bxd4 38. Re2 1/2-1/2

[Event "Groningen Festival 2018"]
[Site "Groningen"]
[Date "2018.12.27"]
[Round "6"]
[White "Pruijssers, Roeland"]
[Black "Lahaye, Rick"]
[Result "1-0"]
[ECO "B51"]
[WhiteElo "2520"]
[BlackElo "2404"]
[Annotator "ChessBase"]
[PlyCount "89"]
[EventDate "2018.12.22"]
[EventType "swiss"]
[EventCountry "NED"]
[SourceTitle "playchess.com"]
[Source "ChessBase"]
[SourceQuality "1"]
[TimeControl "40/5400+30:1800+30"]

1. e4 c5 2. Nf3 d6 3. Bb5+ Nd7 4. O-O Ngf6 5. Re1 a6 6. Bf1 b6 7. d4 cxd4 8. Nxd4 Bb7 9. f3 e6 10. c4 Be7 11. Nc3 Rc8 12. Be3 O-O 13. Rc1 Qc7 14. a3 Qb8 15. b4 Bd8 16. Kh1 Kh8 17. Qd2 Rg8 18. Rc2 g5 19. Bxg5 Nxe4 20. Nxe4 Bxe4 21. Bxd8 Bxc2 22. Be7 Bg6 23. Nxe6 fxe6 24. Rxe6 Rce8 25. c5 bxc5 26. bxc5 Bf5 27. Bxd6 Bxe6 28. Bxb8 Nxb8 29. Qd4+ Rg7 30. h4 Bc8 31. Bc4 Nc6 32. Qf6 Ne5 33. h5 Nd7 34. Qh4 Rf8 35. h6 Rg6 36. Bd3 Rgf6 37. Qd4 Re8 38. Bf5 Ne5 39. Bxc8 Rxc8 40. Qxe5 Rcf8 41. Kg1 Kg8 42. Qd5+ Kh8 43. Qd4 Kg8 44. c6 R6f7 45. Qc4 1-0

[Event "Groningen Festival 2018"]
[Site "Groningen"]
[Date "2018.12.27"]
[Round "6"]
[White "Ulybin, Mikhail"]
[Black "Krasenkow, Michal"]
[Result "1/2-1/2"]
[ECO "D30"]
[WhiteElo "2482"]
[BlackElo "2630"]
[Annotator "RC"]
[PlyCount "135"]
[EventDate "2018.12.22"]
[EventType "swiss"]
[EventCountry "NED"]
[SourceTitle "playchess.com"]
[Source "ChessBase"]
[SourceQuality "1"]
[TimeControl "40/5400+30:1800+30"]

1. d4 d5 2. c4 e6 3. Nf3 c6 4. Qc2 Nd7 5. g3 dxc4 6. Nbd2 b5 7. b3 cxb3 8. Qxc6 Rb8 9. axb3 Bb7 10. Qc2 Qb6 11. Bg2 Ngf6 12. O-O Bb4 13. Ba3 Bxa3 14. Rxa3 O-O 15. b4 Qd6 16. Qb1 a6 17. e4 Qe7 18. e5 Nd5 19. Rb3 N5b6 20. Ne4 Bxe4 21. Qxe4 Nd5 22. Qb1 N7b6 23. Ne1 Rfc8 24. Nd3 Rc4 25. Bxd5 Nxd5 26. Qb2 Qg5 27. Nc5 Qf5 28. Qd2 Ra8 29. Rc1 h5 30. Kg2 Rxc1 31. Qxc1 a5 32. bxa5 Rxa5 33. Qb1 Qg4 34. Ne4 b4 35. f3 Qf5 36. h4 Ra8 37. Qc2 Ra1 38. Kh2 Ra8 39. Kg2 Qh7 40. Kh2 Kh8 41. Rb2 Qg8 42. Nd6 Ra7 43. Qc1 Qa8 44. Qg5 Kg8 45. Qxh5 Qc6 46. Qg5 Ra8 47. Ne4 Kf8 48. h5 Qc4 49. h6 gxh6 50. Qxh6+ Ke7 51. Qg5+ Kd7 52. Qg7 Kc6 53. Rd2 Qc1 54. Kh3 Ne3 55. d5+ Kb6 56. Qf6 Qh1+ 57. Rh2 Qf1+ 58. Kh4 Nf5+ 59. Kg4 Rg8+ 60. Ng5 Qg1 61. dxe6 Ne3+ 62. Kh3 Rg6 63. Qd8+ Kb5 64. Qd3+ Kb6 65. Qd6+ Kb5 66. Qd3+ Kb6 67. Qd6+ Kb5 68. Qd3+ 1/2-1/2

[Event "Groningen Festival 2018"]
[Site "Groningen"]
[Date "2018.12.27"]
[Round "6"]
[White "Schoppen, Casper"]
[Black "Vrolijk, Liam"]
[Result "1/2-1/2"]
[ECO "B94"]
[WhiteElo "2431"]
[BlackElo "2440"]
[Annotator "NA"]
[PlyCount "68"]
[EventDate "2018.12.22"]
[EventType "swiss"]
[EventCountry "NED"]
[SourceTitle "playchess.com"]
[Source "ChessBase"]
[SourceQuality "1"]
[TimeControl "40/5400+30:1800+30"]

1. e4 c5 2. Nf3 d6 3. d4 cxd4 4. Nxd4 Nf6 5. Nc3 a6 6. Bg5 Nbd7 7. Qe2 h6 8. Bh4 g6 9. f4 e5 10. fxe5 dxe5 11. O-O-O Qc7 12. Nb3 b5 13. Nd5 Nxd5 14. exd5 Bd6 15. Qd2 Kf8 16. g4 a5 17. Qe3 Nb6 18. Bxb5 a4 19. Nd4 Bxg4 20. Qe4 Bxd1 21. Ne6+ fxe6 22. Rxd1 Rh7 23. Qxg6 e4 24. dxe6 Rg7 25. Qxe4 Be7 26. Bg3 Qc5 27. Be5 Qxb5 28. h4 Rd8 29. Qf3+ Kg8 30. Rxd8+ Bxd8 31. Bxg7 Kxg7 32. Qf7+ Kh8 33. Qf8+ Kh7 34. Qf7+ Kh8 1/2-1/2